 Dungeon Crawl Stone Soup version 0.23-a0-38-g6d804a8 (webtiles) character file.

1366926 conein the Archmage (level 25, 140/144 HPs)
             Began as a Spriggan Conjurer on Aug 4, 2018.
             Was an Elder of Sif Muna.
             Escaped with the Orb
             ... and 3 runes on Aug 5, 2018!
             The game lasted 07:38:24 (106221 turns).

conein the Archmage (Spriggan Conjurer)           Turns: 106221, Time: 07:38:25

Health: 140/144    AC: 12    Str:  9    XL:     25   Next: 82%
Magic:  55/55      EV: 42    Int: 28    God:    Sif Muna [****..]
Gold:   2253       SH: 12    Dex: 26    Spells: 4/78 levels left

rFire    + + +     SeeInvis +   k - +6 long sword of Vaeff {slice, +Blink rPois rF+++ rC-}
rCold    . . .     Gourm    .   b - +3 buckler
rNeg     . . .     Faith    .   m - +0 faerie dragon scales {+Blink rCorr Str+4}
rPois    +         Spirit   .   P - +2 hat
rElec    +         Reflect  .   Z - +1 cloak of Starlight {rElec rC+ EV+4 Stlth--}
rCorr    +         Harm     .   (gloves unavailable)
MR       ++++.                  (boots unavailable)
Stlth    +.........             D - amulet of magic regeneration
HPRegen  0.34/turn              J - +4 ring of intelligence
MPRegen  0.59/turn              s - +6 ring of dexterity

@: very quick
A: very small, unfitting armour, antennae 1, see invisible, herbivore, speed 3,
sense surroundings 1, poison resistance, slow metabolism 2, evolution 1
0: Orb of Zot
}: 3/15 runes: decaying, slimy, gossamer
a: Divine Energy, Channel Magic, Forget Spell, Renounce Religion, Evoke Blink


You escaped.
You worshipped Sif Muna.
Sif Muna was greatly pleased with you.
You were very full.

You visited 10 branches of the dungeon, and saw 51 of its levels.
You also visited: Bailey and Ice Cave.

You collected 6295 gold pieces.
You spent 4042 gold pieces at shops.

Inventory:

Hand Weapons
 k - the +6 long sword of Vaeff (weapon) {slice, +Blink rPois rF+++ rC-}
   (You found it on level 1 of the Depths)

   It inflicts extra damage upon your enemies.
   It renders you almost immune to fire.
   It makes you vulnerable to cold.
   It protects you from poison.
   It lets you blink.
 U - a +4 rapier of electrocution
Missiles
 l - 6 throwing nets (quivered)
Armour
 b - a +3 buckler (worn)
 m - the +0 faerie dragon scales (worn) {+Blink rCorr Str+4}
   (You took it off the Enchantress on level 4 of the Depths)

   It affects your strength (+4).
   It lets you blink.
   It provides partial protection from all sources of acid and corrosion.
 P - a +2 hat (worn)
 Z - the +1 cloak of Starlight (worn) {rElec rC+ EV+4 Stlth--}
   (You found it on level 4 of the Vaults)

   It affects your evasion (+4).
   It protects you from cold.
   It insulates you from electricity.
   It makes you much less stealthy.
Jewellery
 s - a +6 ring of dexterity (right hand)
 D - an amulet of magic regeneration (around neck)
 J - a +4 ring of intelligence (left hand)
 S - the ring "Nexeocy" {Ice rPois Str+5}
   (You took it off a yaktaur on level 1 of the Depths)

   [ring of ice]

   It enhances your ice magic.
   It affects your strength (+5).
   It makes you vulnerable to fire.
   It protects you from cold.
   It protects you from poison.
Wands
 h - a wand of clouds (9)
 o - a wand of scattershot (16)
 K - a wand of paralysis (32)
 X - a wand of digging (53)
Scrolls
 d - 9 scrolls of amnesia
 f - a scroll of brand weapon
 g - 12 scrolls of teleportation
 n - 7 scrolls of vulnerability
 p - 10 scrolls of enchant armour
 u - 21 scrolls of remove curse
 v - 7 scrolls of enchant weapon
 w - 8 scrolls of blinking
 y - 2 scrolls of torment
 B - 8 scrolls of magic mapping
 N - 7 scrolls of identify
 O - 7 scrolls of fog
 Q - 8 scrolls of fear
 R - 3 scrolls of summoning
 V - a scroll of holy word
 Y - 3 scrolls of immolation
Potions
 a - 15 potions of heal wounds
 e - 7 potions of mutation
 i - 6 potions of might
 j - a potion of cancellation
 q - 8 potions of lignification
 r - 3 potions of agility
 x - 30 potions of curing
 z - 7 potions of magic
 C - 7 potions of ambrosia
 F - 2 potions of flight
 G - 4 potions of berserk rage
 H - 5 potions of invisibility
 I - 2 potions of haste
 T - 3 potions of brilliance
 W - a potion of resistance
Miscellaneous
 t - a phantom mirror
 A - a box of beasts
 E - a lamp of fire
 L - a phial of floods
Comestibles
 c - 36 rations


   Skills:
 + Level 18.7 Fighting
 - Level 6.5 Armour
 - Level 23.0 Dodging
 - Level 8.4 Stealth
 - Level 4.2 Shields
 O Level 27 Spellcasting
 - Level 12.2 Conjurations
 - Level 9.0 Hexes
 - Level 7.7 Charms
 - Level 10.0 Summonings
 - Level 4.1 Necromancy
 - Level 2.4 Translocations
 - Level 4.2 Air Magic
 - Level 10.2 Earth Magic
 - Level 10.2 Invocations


You had 4 spell levels left.
You knew the following spells:

 Your Spells              Type           Power        Failure   Level  Hunger
a - Iskenderun's Mystic   Conj           #######.     1%          4    None
b - Iron Shot             Conj/Erth      #######...   1%          6    None
c - Deflect Missiles      Chrm/Air       ######....   17%         6    None
d - Fulminant Prism       Conj/Hex       #######...   1%          4    None
e - Confuse               Hex            ######..     1%          3    None
f - Borgnjor's Vile Clut  Necr/Erth      ######....   1%          5    None
g - Iskenderun's Battles  Conj/Chrm      #######.     1%          5    None
h - Tukima's Dance        Hex            ######..     1%          3    None
i - Orb of Destruction    Conj           #######...   8%          7    None
j - Summon Mana Viper     Hex/Summ       ######..     1%          5    None
k - Passwall              Tmut/Erth      ######..     1%          2    None
l - Spellforged Servitor  Conj/Summ      #######...   12%         7    None
m - Cause Fear            Hex            ######....   1%          4    None
n - Invisibility          Hex            ######..     4%          6    None
o - Regeneration          Chrm/Necr      ######....   1%          3    None
p - Animate Skeleton      Necr           N/A          1%          1    None
q - Blink                 Tloc           N/A          1%          2    None
u - Summon Butterflies    Summ           #######.     1%          1    None

Your spell library contained the following spells:

 Spells                   Type           Power        Failure   Level  Hunger
 Magic Dart               Conj           ####         0%          1    None
 Fireball                 Conj/Fire      ######....   3%          5    None
 Apportation              Tloc           ######       1%          1    None
 Conjure Flame            Conj/Fire      ######..     1%          3    None
 Bolt of Fire             Conj/Fire      ######....   17%         6    None
 Bolt of Cold             Conj/Ice       ######....   17%         6    None
 Lightning Bolt           Conj/Air       ######....   1%          5    None
 Bolt of Magma            Conj/Fire/Erth ######....   1%          5    None
 Slow                     Hex            ######..     1%          2    None
 Throw Flame              Conj/Fire      ######       1%          2    None
 Throw Frost              Conj/Ice       ######       1%          2    None
 Freezing Cloud           Conj/Ice/Air   ######....   22%         6    None
 Mephitic Cloud           Conj/Pois/Air  ######..     1%          3    None
 Ring of Flames           Chrm/Fire      ######....   93%         7    None
 Venom Bolt               Conj/Pois      ######....   3%          5    None
 Olgreb's Toxic Radiance  Pois           #####...     13%         4    None
 Summon Small Mammal      Summ           ####         1%          1    None
 Bolt of Draining         Conj/Necr      ######....   1%          5    None
 Lehudib's Crystal Spear  Conj/Erth      #######...   65%         8    ###....
 Fire Storm               Conj/Fire      ######....   100%        9    #####..
 Summon Horrible Things   Summ           #######...   82%         8    ###....
 Animate Dead             Necr           N/A          2%          4    None
 Vampiric Draining        Necr           ######....   1%          3    None
 Freeze                   Ice            ####         1%          1    None
 Sticky Flame             Conj/Fire      ######..     1%          4    None
 Summon Ice Beast         Ice/Summ       ######..     1%          4    None
 Ozocubu's Armour         Chrm/Ice       ######..     1%          3    None
 Call Imp                 Summ           #######.     1%          2    None
 Dispel Undead            Necr           ######..     7%          5    None
 Poison Arrow             Conj/Pois      ######....   17%         6    None
 Sting                    Conj/Pois      ####         1%          1    None
 Sublimation of Blood     Necr           ######....   1%          2    None
 Summon Demon             Summ           #######...   1%          5    None
 Corpse Rot               Necr           N/A          1%          2    None
 Stone Arrow              Conj/Erth      ######       1%          3    None
 Shock                    Conj/Air       ####         1%          1    None
 Swiftness                Chrm/Air       ######..     1%          2    None
 Recall                   Summ/Tloc      N/A          1%          3    None
 Agony                    Necr           ######..     7%          5    None
 Spider Form              Tmut/Pois      #####.....   4%          3    None
 Blade Hands              Tmut           #####.....   36%         5    None
 Statue Form              Tmut/Erth      ######...    26%         6    None
 Ice Form                 Ice/Tmut       #####...     13%         4    None
 Dragon Form              Tmut           #####.....   100%        7    None
 Necromutation            Tmut/Necr      #####.....   100%        8    ###....
 Death Channel            Necr           ######....   36%         6    None
 Throw Icicle             Conj/Ice       ######..     1%          4    None
 Glaciate                 Conj/Ice       ######....   100%        9    #####..
 Airstrike                Air            ######....   2%          4    None
 Shadow Creatures         Summ           N/A          3%          6    None
 Confusing Touch          Hex            ######       1%          1    None
 Flame Tongue             Conj/Fire      #####        1%          1    None
 Ignite Poison            Fire/Tmut/Pois #####...     4%          3    None
 Sticks to Snakes         Tmut           #####...     1%          2    None
 Call Canine Familiar     Summ           #######.     1%          3    None
 Ensorcelled Hibernation  Hex/Ice        ######       1%          2    None
 Metabolic Englaciation   Hex/Ice        ######....   6%          5    None
 Silence                  Hex/Air        ######....   2%          5    None
 Shatter                  Erth           #######...   100%        9    #####..
 Static Discharge         Conj/Air       ######..     1%          3    None
 Corona                   Hex            ######.      1%          1    None
 Alistair's Intoxication  Tmut/Pois      #####...     36%         5    None
 Lee's Rapid Deconstruct  Erth           #######...   1%          5    None
 Sandblast                Erth           ######       1%          1    None
 Simulacrum               Ice/Necr       #####.....   65%         6    None
 Conjure Ball Lightning   Conj/Air       ######....   7%          6    None
 Chain Lightning          Conj/Air       ######....   96%         8    ###....
 Excruciating Wounds      Chrm/Necr      ######....   3%          5    None
 Portal Projectile        Hex/Tloc       ######       1%          3    None
 Monstrous Menagerie      Summ           #######...   19%         7    None
 Petrify                  Tmut/Erth      ######..     1%          4    None
 Passage of Golubria      Tloc           N/A          4%          4    None
 Tornado                  Air            ######....   100%        9    #####..
 Leda's Liquefaction      Hex/Erth       #######...   1%          4    None
 Summon Hydra             Summ           #######...   19%         7    None
 Darkness                 Hex            ######....   4%          6    None
 Shroud of Golubria       Chrm/Tloc      ######....   1%          2    None
 Inner Flame              Hex/Fire       ######..     1%          3    None
 Aura of Abjuration       Summ           #######...   1%          5    None
 Beastly Appendage        Tmut           #####.       1%          1    None
 Dazzling Spray           Conj/Hex       ######       1%          3    None
 Force Lance              Conj/Tloc      ######..     1%          4    None
 Infusion                 Chrm           ####         1%          1    None
 Song of Slaying          Chrm           ######..     1%          2    None
 Spectral Weapon          Hex/Chrm       ######..     1%          3    None
 Searing Ray              Conj           ######       0%          2    None
 Discord                  Hex            ######....   91%         8    ###....
 Summon Forest            Summ/Tloc      ######....   3%          5    None
 Dragon's Call            Summ           #######...   100%        9    #####..
 Hydra Form               Tmut           #####.....   90%         6    None
 Irradiate                Conj/Tmut      ######....   3%          5    None
 Gell's Gravitas          Tloc           ######....   1%          3    None
 Yara's Violent Unravell  Hex/Tmut       ######....   6%          5    None
 Infestation              Necr           ######....   100%        8    ###....
 Lesser Beckoning         Tloc           ######....   1%          3    None
 Poisonous Vapours        Pois/Air       #####.       1%          2    None


Dungeon Overview and Level Annotations

Branches:
Dungeon (15/15)            Temple (1/1) D:4            Lair (6/6) D:8
  Swamp (4/4) Lair:3       Spider (4/4) Lair:4        Slime (5/5) Lair:5
    Orc (2/2) D:9             Elf (0/3) Orc:2        Vaults (4/5) D:13
  Crypt (0/3) Vaults:3     Depths (5/5) D:15            Zot (5/5) Depths:5

Altars:
Ashenzari
Cheibriados
Dithmenos
Elyvilon
Fedhas
Gozag
Hepliaklqana
Kikubaaqudgha
Makhleb
Nemelex Xobeh
Okawaru
Qazlal
Ru
Sif Muna
Trog
Uskayaw
Vehumet
Wu Jian
Xom
Yredelemnul
Zin
The Shining One
Jiyva

Shops:
D:6 =(%%   D:14 }   D:15 **   Orc:1 *   Orc:2 (*([   Vaults:4 ?   Depths:4 ?:
Depths:5 (

Portals:
Hell: Depths:1 Depths:2 Depths:3 Depths:4 Depths:5
Abyss: Depths:1 Depths:4
Pandemonium: Depths:1 Depths:3 Depths:4
Ziggurat: Depths:3

Annotations:
D:11 2 exclusions
Spider:1 3 runed doors, Nuclih's ghost, journeyman GrFi
Vaults:3 3 runed doors, Norchuf's ghost, adept MiFi
Zot:2 2 runed doors, Decrutob's ghost, legendary DDFi
Zot:3 exclusions: 2 draconian scorchers, draconian stormcaller and 7 more exclusions
Zot:5 1 exclusion


Innate Abilities, Weirdness & Mutations

You are very small and have problems with some larger weapons.
You are too small for most types of armour.
You have supernaturally acute eyesight. (SInv)
You are a herbivore.
You cover ground extremely quickly.
You need to consume almost no food.
You have a pair of small antennae on your head.
You passively map a small area around you.
Your system is resistant to poisons. (rPois)
You evolve.


Message History

(D) Dungeon (T) Temple (L) Lair (S) Swamp (N) Spider Nest (M) Slime Pits (O) Orcish Mines (E) Elven Halls (V) Vaults (C) Crypt (U) Depths (H) Hell (Z) Zot
Where to? (Enter - D:1, ? - help)
Okay, then.
A sixfirhy and a cacodemon come into view.
You hear a grinding noise.
You block the sixfirhy's attack.
You hear a grinding noise.
You block the sixfirhy's attack.
You hear a grinding noise.
The sixfirhy hits you. The sixfirhy shocks you. You resist.
There is an open door here.
You hear a grinding noise.
The sixfirhy completely misses you.
You hear a grinding noise.
The sixfirhy closely misses you.
There is a staircase leading out of the dungeon here.
You have escaped!

#########.# #.# ##..≈≈≈≈≈≈..
......# #.# #.# #...≈≈≈≈≈≈.
......# #.# #'# #..PP≈≈≈≈≈P
......# #.# #.## #...≈≈≈≈≈≈.
......# #.# #..## #...P≈≈≈≈≈.
#'##### #.# #...## #...≈P≈≈≈P.
#.# #.# ##....###....≈≈≈≈≈≈
#'#######.#####.3....##...≈≈≈P≈≈≈
..........+.....@.....#....P≈P≈≈≈
.[........#####......##....≈≈≈≈≈≈
..............##....###.##..P.≈≈≈
.........####..#...## #.###...≈≈≈
#######.## ##.#..## #.# ##.≈≈≈≈
#.# #.#.## #.# #..≈.. #.#
#.#+######.####..... #.#
#.......>.....#..#.. #.#
#############.##....


You could see a sixfirhy.

Vanquished Creatures
  the Royal Jelly (Slime:5)
  An orb of fire (Zot:5)
  4 ancient liches (Zot:5)
  3 Killer Klowns (Zot:5)
  Xtahua (Depths:4)
  Nikola (Depths:1)
  4 golden dragons
  the Enchantress (Depths:4)
  2 electric golems (Zot:5)
  7 tentacled monstrosities
  2 liches
  Asterion (Depths:1)
  A titan (Vaults:4)
  21 Orb Guardians
  2 quicksilver dragons
  Gastronok (D:8)
  14 acid blobs
  7 death cobs
  4 shadow dragons
  12 azure jellies
  10 storm dragons
  A thorn hunter (Swamp:1)
  Agnes (Spider:1)
  A nagaraja (Vaults:4)
  3 tengu reavers
  2 draconian monks
  2 fire giants (Depths:5)
  7 ghost moths
  11 vault wardens
  Roxanne (Swamp:2)
  10 frost giants
  6 draconian knights
  A deep elf sorcerer (Depths:5)
  7 emperor scorpions
  6 draconian shifters
  4 draconian scorchers
  2 orc warlords
  2 draconian stormcallers
  A spriggan defender (Depths:4)
  7 very ugly things
  4 vampire knights
  3 draconian annihilators
  3 entropy weavers
  A deep elf demonologist (Depths:5)
  8 green draconians
  9 black draconians
  20 stone giants
  7 ironheart preservers
  11 yellow draconians
  Nessos (Orc:2)
  A spark wasp (Spider:3)
  7 purple draconians
  8 red draconians
  6 white draconians
  A minotaur (Vaults:3)
  A blizzard demon (Depths:4)
  6 ettins
  A deep elf death mage (Depths:5)
  11 death oozes
  A jiangshi (Depths:2)
  A green death (Swamp:4)
  Josephine (Lair:5)
  9 great orbs of eyes
  11 yaktaur captains
  6 fire dragons
  2 deep elf high priests
  A ghost crab (Swamp:3)
  20 hydras
  9 ice dragons
  18 vault guards
  Harold (D:9)
  A hell beast (Swamp:4)
  11 centaur warriors
  A hydra (shapeshifter) (Vaults:4)
  2 spriggan air magi
  An anaconda (shapeshifter) (Vaults:1)
  A merfolk aquamancer (Depths:5)
  14 ogre magi
  A death knight (Vaults:1)
  46 two-headed ogres
  3 tengu warriors
  7 death scarabs (Spider:4)
  10 deep troll shamans
  The ghost of Gildeon the Cleaver, a novice MiFi of Okawaru (D:8)
  7 deep troll earth magi
  8 alligators
  2 vampire magi
  2 thrashing horrors (Swamp:4)
  3 deep elf knights
  4 spriggan berserkers
  9 death yaks
  Urug (Orc:2)
  A soul eater (D:3)
  2 iron trolls (Depths:3)
  Sonja (Lair:2)
  7 hell knights
  2 shadow wraiths (Vaults:4)
  19 deep trolls
  A golden dragon zombie (Depths:3)
  8 glowing orange brains
  11 swamp dragons
  An unseen horror (D:9)
  3 flayed ghosts
  A spriggan druid (Swamp:3)
  3 spectral wolf spiders (Spider:4)
  A wizard (Vaults:2)
  10 ironbrand convokers
  4 phantasmal warriors (Vaults:4)
  A shadow dragon zombie (Depths:4)
  2 deep elf archers
  3 shambling mangroves
  5 harpies (Depths:5)
  4 necromancers
  7 deep elf magi
  15 orb spiders
  10 orc knights
  40 ugly things
  34 wolf spiders
  4 orc sorcerers
  A manticore (shapeshifter) (Depths:3)
  A shining eye (Slime:1)
  5 cyclopes
  20 moths of wrath
  An iron dragon skeleton (Depths:3)
  A rust devil (Depths:4)
  Maurice (D:9)
  Joseph (D:7)
  2 guardian serpents (shapeshifter)
  5 black mambas
  2 ice statues (IceCv)
  3 molten gargoyles
  3 orange demons
  An eye of devastation (shapeshifter) (Depths:5)
  An eye of devastation (Vaults:4)
  9 vault sentinels
  A titan simulacrum (Depths:4)
  27 spiny frogs
  A torpor snail (Spider:3)
  A yaktaur zombie (Depths:1)
  A rime drake (Lair:6)
  45 yaktaurs
  12 demonic crawlers
  6 komodo dragons
  A spectral redback (Spider:3)
  3 efreet (D:15)
  A harpy zombie (D:14)
  6 redback zombies (Spider:4)
  5 freezing wraiths
  A hellwing (Depths:4)
  2 tengu conjurers
  10 trolls
  2 merfolk (Depths:5)
  A red devil (Depths:1)
  6 ice devils
  10 tyrant leeches
  31 jumping spiders
  2 spectral jumping spiders (Spider:4)
  14 bog bodies
  15 hornets
  3 spectral tarantellas (Spider:4)
  A snapping turtle (shapeshifter) (Depths:1)
  97 slime creatures
  A hippogriff (shapeshifter) (Vaults:1)
  A large abomination (Swamp:4)
  9 hippogriffs
  4 jumping spider zombies (Spider:4)
  30 blink frogs
  A stone giant simulacrum (Vaults:1)
  81 redbacks
  Sigmund (D:3)
  An ice dragon skeleton (Depths:1)
  4 shadows
  4 wraiths
  23 yaks
  A yak (shapeshifter) (Vaults:3)
  36 tarantellas
  3 spriggans
  A fire bat (shapeshifter) (Vaults:4)
  9 water elementals
  2 basilisks
  4 fire elementals
  2 golden eyes (shapeshifter)
  A chaos spawn (Zot:1)
  A wyvern (D:10)
  A human (D:13)
  2 golden eyes (Slime:1)
  2 steam dragons
  24 insubstantial wisps
  25 vampire mosquitoes
  Menkaure (D:5)
  2 hungry ghosts
  2 wargs (Orc:1)
  15 swamp worms
  Duvessa (D:7)
  3 floating eyes (Depths:5)
  6 porcupines
  12 water moccasins
  8 swamp drakes
  3 spectral hornets (Spider:4)
  An ice beast (shapeshifter) (Depths:1)
  48 orc warriors
  2 black bears
  3 ice beasts
  A tengu (shapeshifter) (Depths:4)
  24 ogres
  2 eyes of draining
  A necrophage (D:13)
  17 wolves
  2 boggarts (Depths:2)
  5 phantoms
  21 centaurs
  14 crocodiles
  2 big kobolds
  A small abomination (Swamp:4)
  21 bullfrogs
  A gnoll sergeant (D:7)
  Dowan (D:7)
  4 earth elementals (Depths:2)
  A water moccasin zombie (D:11)
  5 scorpions
  6 killer bees
  18 wights
  8 howler monkeys
  An electric eel (Lair:6)
  A spectral bullfrog (D:8)
  3 crimson imps
  4 bullfrog zombies
  2 centaur zombies
  A quasit (D:9)
  A draconian simulacrum (IceCv)
  2 gnoll shamans
  3 hounds
  3 jellies
  11 orc priests
  5 centaur skeletons
  Ijyb (D:3)
  A bullfrog skeleton (D:7)
  4 iguanas
  15 orc wizards
  A troll simulacrum (IceCv)
  18 worker ants
  A spriggan simulacrum (IceCv)
  4 centaur simulacra (IceCv)
  A hound skeleton (D:7)
  2 howler monkey skeletons (D:6)
  33 gnolls
  14 adders
  An ogre simulacrum (IceCv)
  2 naga simulacra (IceCv)
  6 shadow imps
  A worker ant simulacrum (D:8)
  An ufetubus (Depths:3)
  An ooze (D:1)
  An adder zombie (D:9)
  2 worms
  An adder simulacrum (D:8)
  2 dart slugs
  3 leopard geckos
  93 orcs
  6 giant cockroaches
  10 goblins
  17 hobgoblins
  10 jackals
  20 kobolds
  5 quokkas
  6 bats
  6 frilled lizards
  A jackal skeleton (D:5)
  A jackal zombie (D:7)
  2 leopard gecko skeletons
  A leopard gecko zombie (D:8)
  A quokka skeleton (D:6)
  3 rats
  3 butterflies (D:5)
  9 fulminant prisms
  2 fungi (Lair:5)
  3 plants (Depths:4)
1949 creatures vanquished.

Vanquished Creatures (collateral kills)
  5 orbs of fire
  An ancient lich (Zot:5)
  Saint Roka (Vaults:1)
  4 Killer Klowns (Zot:5)
  A tentacled monstrosity (Zot:3)
  6 Orb Guardians (Zot:5)
  4 acid blobs
  A death cob (Zot:4)
  4 draconian monks
  An azure jelly (Slime:4)
  3 fire giants
  A frost giant (Depths:4)
  2 vault wardens
  A draconian knight (Zot:1)
  2 draconian scorchers (Zot:4)
  3 draconian annihilators
  A draconian stormcaller (Zot:3)
  A deep elf elementalist (Depths:4)
  2 ironheart preservers
  2 spriggan defenders (Depths:4)
  A juggernaut skeleton (Depths:3)
  8 very ugly things
  3 stone giants
  4 black draconians
  A vampire knight (Depths:5)
  A deep elf annihilator (Vaults:2)
  5 green draconians
  2 deep elf demonologists (Vaults:4)
  12 purple draconians
  5 yellow draconians (Zot:5)
  5 red draconians
  5 white draconians
  A fire dragon (Depths:5)
  3 ettins
  A merfolk impaler (Depths:1)
  A merfolk javelineer (Depths:1)
  A quicksilver dragon zombie (Depths:1)
  4 great orbs of eyes
  A jiangshi (Depths:2)
  A yaktaur captain (Depths:5)
  2 rakshasas
  An ice dragon (Depths:3)
  A vault guard (Depths:5)
  2 spriggan air magi
  2 merfolk aquamancers (Depths:5)
  A death knight (Vaults:4)
  An ogre mage (Vaults:2)
  A centaur warrior (Depths:1)
  4 two-headed ogres
  3 tengu warriors
  5 deep troll shamans
  2 deep troll earth magi
  2 spriggans (Depths:4)
  3 hell knights
  A golden dragon zombie (Depths:4)
  2 iron trolls
  A glowing orange brain (Depths:1)
  A flayed ghost (Depths:3)
  10 deep trolls
  3 ironbrand convokers (Vaults:4)
  A lindwurm (Lair:3)
  2 phantasmal warriors (Depths:5)
  4 harpies (Depths:5)
  3 necromancers (Depths:1)
  A cyclops (Orc:1)
  A wolf spider (Spider:1)
  7 ugly things
  2 tengu skeletons
  A shining eye (Slime:5)
  A moth of wrath (Zot:2)
  A vault sentinel (Vaults:4)
  A black mamba (shapeshifter) (Depths:5)
  An eye of devastation (Slime:4)
  A spiny frog (Swamp:4)
  19 yaktaurs
  A tengu conjurer (Depths:1)
  A jumping spider (Spider:1)
  2 merfolk (Depths:5)
  35 slime creatures
  A hornet (Depths:4)
  A tyrant leech (Swamp:2)
  A ynoxinul (Depths:1)
  A yak (D:11)
  8 water elementals
  A fire bat (shapeshifter) (Depths:5)
  4 vampire mosquitoes
  3 swamp worms
  An insubstantial wisp (Swamp:3)
  A water moccasin (Lair:3)
  A floating eye (Depths:5)
  3 orc warriors
  4 ogres
  A bullfrog (D:7)
  2 wights (D:12)
  A crimson imp (D:14)
  3 orc wizards (Orc:1)
  6 orcs
  A fungus (Lair:3)
288 creatures vanquished.

Vanquished Creatures (others)
  A tengu reaver (Depths:4)
  A purple draconian (Zot:4)
  A white draconian (Zot:4)
  A yaktaur captain (Depths:5)
  A vault guard (Vaults:4)
  A necromancer (Depths:1)
  4 moths of wrath (Zot:5)
  A centaur zombie (D:15)
  A slime creature (Slime:4)
  3 dancing weapons
  A boggart (Depths:2)
  A crocodile (Lair:2)
  An adder (D:11)
  374 fulminant prisms
  21 fungi
  60 plants
  6 toadstools (Swamp:1)
479 creatures vanquished.

Grand Total: 2716 creatures vanquished

Notes
Turn   | Place    | Note
-------+----------+-------------------------------------------
     0 | D:1      | conein the Spriggan Conjurer began the quest for the Orb.
     0 | D:1      | Reached XP level 1. HP: 9/9 MP: 5/5
   119 | D:1      | Reached skill level 3 in Spellcasting
   193 | D:1      | Reached XP level 2. HP: 13/13 MP: 0/7
  1056 | D:1      | Reached XP level 3. HP: 9/16 MP: 0/8
  1370 | D:2      | Learned a level 3 spell: Dazzling Spray
  1657 | D:2      | Reached XP level 4. HP: 19/21 MP: 0/10
  1874 | D:2      | Found a sparkling altar of Nemelex Xobeh.
  2434 | D:3      | Reached skill level 4 in Spellcasting
  2513 | D:3      | Noticed Sigmund
  2563 | D:3      | Found a basalt altar of Yredelemnul.
  2565 | D:3      | Found a blossoming altar of Fedhas.
  2565 | D:3      | Found a snail-covered altar of Cheibriados.
  2576 | D:3      | Reached skill level 5 in Stealth
  2738 | D:3      | Learned a level 4 spell: Iskenderun's Mystic Blast
  3000 | D:3      | Noticed Ijyb
  3136 | D:3      | Reached skill level 5 in Dodging
  3619 | D:3      | Reached XP level 5. HP: 24/24 MP: 6/12
  3654 | D:3      | Killed Ijyb
  4174 | D:3      | Found a glowing golden altar of the Shining One.
  4410 | D:3      | Killed Sigmund
  4410 | D:3      | Reached XP level 6. HP: 28/28 MP: 0/13
  5108 | D:4      | Reached XP level 7. HP: 24/32 MP: 0/14
  5378 | D:4      | Found a shadowy altar of Dithmenos.
  5535 | D:4      | HP: 1/32 [orc wizard/magic dart (8)]
  6104 | D:4      | Found a staircase to the Ecumenical Temple.
  6136 | Temple   | Entered the Ecumenical Temple
  6208 | Temple   | Became a worshipper of Sif Muna the Loreminder
  6465 | D:5      | Entered Level 5 of the Dungeon
  6475 | D:5      | Found a runed door.
  6595 | D:5      | Reached skill level 5 in Conjurations
  6687 | D:5      | Reached skill level 1 in Hexes
  6773 | D:5      | Found a shattered altar of Ashenzari.
  6905 | D:5      | Found a white marble altar of Elyvilon.
  6906 | D:5      | Found a glowing golden altar of the Shining One.
  6906 | D:5      | Noticed Menkaure
  6969 | D:5      | Found a runed door.
  7024 | D:4      | Reached skill level 5 in Spellcasting
  7187 | D:5      | Got a sheer robe
  7418 | D:5      | Reached XP level 8. HP: 33/36 MP: 4/16
  7453 | D:5      | Learned a level 4 spell: Fulminant Prism
  7636 | D:5      | Reached * piety under Sif Muna
  7671 | D:5      | Reached skill level 6 in Spellcasting
  8168 | D:5      | Found a glowing silver altar of Zin.
  8355 | D:5      | Reached skill level 7 in Spellcasting
  8571 | D:5      | Identified the +1 robe of a bazaar {+Blink} (You found it on level 5 of the Dungeon)
  8624 | D:5      | Killed Menkaure
  8652 | D:5      | Reached skill level 8 in Spellcasting
  9009 | D:6      | Reached ** piety under Sif Muna
  9009 | D:6      | Reached skill level 9 in Spellcasting
  9223 | D:6      | Found Kaafaitt's Antique Weapon Shoppe.
  9259 | D:6      | Found a burning altar of Makhleb.
  9296 | D:6      | Found Izyq's Jewellery Boutique.
  9538 | D:6      | Reached skill level 10 in Spellcasting
  9572 | D:6      | Reached XP level 9. HP: 33/39 MP: 0/24
  9582 | D:6      | Got a twisted leather armour
  9866 | D:6      | Found Bireifua's Food Shoppe.
  9893 | D:6      | Bought a ration for 60 gold pieces
  9893 | D:6      | Bought a ration for 60 gold pieces
  9893 | D:6      | Bought a ration for 60 gold pieces
  9893 | D:6      | Bought a ration for 60 gold pieces
  9893 | D:6      | Bought a ration for 60 gold pieces
  9893 | D:6      | Bought a ration for 60 gold pieces
  9902 | D:6      | Learned a level 1 spell: Animate Skeleton
  9933 | D:6      | Found Dyci's Food Emporium.
 10251 | D:7      | Noticed Joseph
 10275 | D:7      | Reached skill level 11 in Spellcasting
 10337 | D:7      | Killed Joseph
 10337 | D:7      | Reached *** piety under Sif Muna
 10591 | D:7      | Noticed Duvessa
 10591 | D:7      | Noticed Dowan
 10605 | D:7      | Reached skill level 12 in Spellcasting
 10689 | D:8      | Noticed Gastronok
 11258 | D:7      | Killed Duvessa
 11258 | D:7      | Reached skill level 1 in Fighting
 11330 | D:7      | Killed Dowan
 12056 | D:8      | Found a runed gate.
 12056 | D:8      | Found a runed gate.
 12057 | D:8      | Found a runed gate.
 12059 | D:8      | Noticed Gildeon's ghost (novice MiFi)
 12178 | D:8      | Found an opulent altar of Gozag.
 12334 | D:8      | Found a shattered altar of Ashenzari.
 12575 | D:8      | Reached skill level 13 in Spellcasting
 12602 | D:8      | Found a staircase to the Lair.
 12670 | D:8      | Reached XP level 10. HP: 40/48 MP: 0/28
 12810 | D:8      | Reached **** piety under Sif Muna
 13217 | D:9      | Noticed Harold
 13591 | D:9      | Noticed an unseen horror
 13608 | D:9      | Found a staircase to the Orcish Mines.
 13873 | D:9      | Reached skill level 1 in Shields
 13957 | D:9      | Found a hazy altar of Hepliaklqana.
 14072 | Lair:1   | Entered Level 1 of the Lair of Beasts
 14077 | Lair:1   | Noticed a black mamba
 14483 | D:8      | Killed a black mamba
 14636 | D:9      | Learned a level 3 spell: Confuse
 14974 | Lair:1   | Noticed a black mamba
 14983 | Lair:1   | Killed a black mamba
 15616 | Lair:1   | Reached skill level 5 in Fighting
 15616 | Lair:1   | Reached XP level 11. HP: 38/55 MP: 16/29
 16149 | Lair:2   | Noticed Sonja
 16359 | Lair:2   | Killed Sonja
 16359 | Lair:2   | Reached skill level 10 in Dodging
 17592 | Lair:3   | Noticed a five-headed hydra
 18112 | Lair:3   | Noticed a lindwurm
 18130 | Lair:3   | Killed a lindwurm
 18206 | Lair:3   | Killed a five-headed hydra
 18506 | Lair:3   | Found a staircase to the Swamp.
 18642 | Lair:4   | Noticed a wolf spider
 18643 | Lair:4   | Found a hole to the Spider Nest.
 18683 | Lair:4   | Killed a wolf spider
 18698 | Lair:4   | Noticed a wolf spider
 18845 | Lair:4   | Killed a wolf spider
 19316 | Lair:4   | Noticed a seven-headed hydra
 19360 | Lair:4   | Killed a seven-headed hydra
 19360 | Lair:4   | Reached XP level 12. HP: 64/64 MP: 15/30
 19703 | Lair:5   | Found a staircase to the Slime Pits.
 19703 | Lair:5   | Found a viscous altar of Jiyva.
 19801 | Lair:5   | Reached ***** piety under Sif Muna
 19965 | Lair:5   | Noticed Josephine
 19998 | Lair:5   | Reached skill level 5 in Hexes
 20093 | Lair:5   | Killed Josephine
 20093 | Lair:5   | Identified Sif Muna's Disquisition on Dislocation and the Mountains (Sif Muna gifted it to you on level 5 of the Lair of Beasts)
 20093 | Lair:5   | Received a gift from Sif Muna
 20150 | Lair:5   | Learned a level 2 spell: Blink
 20630 | Lair:5   | Reached skill level 1 in Necromancy
 21040 | Lair:6   | Entered Level 6 of the Lair of Beasts
 21681 | Lair:6   | Learned a level 5 spell: Borgnjor's Vile Clutch
 21733 | Lair:6   | Noticed an eight-headed hydra
 21983 | Lair:5   | Reached skill level 1 in Earth Magic
 22194 | Lair:6   | Reached skill level 15 in Dodging
 22468 | Lair:6   | Noticed an eight-headed hydra
 22497 | Lair:6   | Killed an eight-headed hydra
 22584 | Lair:6   | Noticed a four-headed hydra
 22621 | Lair:6   | Killed a four-headed hydra
 22720 | Lair:5   | Reached XP level 13. HP: 61/68 MP: 8/31
 23352 | Lair:6   | Reached skill level 14 in Spellcasting
 24984 | Lair:6   | Identified Sif Muna's Incunabulum of Supportive Malediction (Sif Muna gifted it to you on level 6 of the Lair of Beasts)
 24984 | Lair:6   | Received a gift from Sif Muna
 25054 | Lair:6   | Reached skill level 15 in Spellcasting
 25534 | D:8      | Killed Gastronok
 25593 | D:6      | Bought a smoking rapier for 243 gold pieces
 25593 | D:6      | Identified the +5 rapier of Mausail {drain, *Contam Str+2 SInv} (You bought it in a shop on level 6 of the Dungeon)
 25829 | D:8      | Killed Gildeon's ghost
 25829 | D:8      | Reached skill level 16 in Spellcasting
 26599 | D:9      | Killed Harold
 26657 | D:10     | Entered Level 10 of the Dungeon
 26732 | D:10     | Reached XP level 14. HP: 53/73 MP: 33/35
 27315 | D:11     | Learned a level 5 spell: Iskenderun's Battlesphere
 27338 | D:11     | Reached skill level 1 in Charms
 27584 | D:11     | Found a frozen archway.
 27616 | IceCv    | Entered an ice cave
 27826 | IceCv    | Identified Sif Muna's Handbook of the Oath (Sif Muna gifted it to you in an ice cave)
 27826 | IceCv    | Received a gift from Sif Muna
 27900 | IceCv    | Learned a level 3 spell: Tukima's Dance
 28284 | IceCv    | Got dazzling fire dragon scales
 28295 | IceCv    | Identified the +7 fire dragon scales "Foosaas" {rF++ rC- MR+ Int+2 SInv Stlth+} (You found it in an ice cave)
 31768 | D:13     | Found a gate to the Vaults.
 32162 | D:14     | Received a gift from Sif Muna
 32939 | D:14     | Found Billaa's Gadget Shoppe.
 33191 | D:14     | Reached XP level 15. HP: 16/77 MP: 36/36
 33747 | D:14     | Learned a level 7 spell: Orb of Destruction
 33829 | D:15     | Entered Level 15 of the Dungeon
 33853 | D:14     | Reached skill level 10 in Conjurations
 34302 | D:15     | Found Kikul's General Store.
 34721 | D:15     | HP: 2/77 [centaur warrior/arrow (25)]
 35068 | D:14     | Upgraded the game from 0.23-a0-32-g1388f29 to 0.23-a0-38-g6d804a8
 35268 | D:15     | Identified Kubisio's Compendium of Toxins (Sif Muna gifted it to you on level 15 of the Dungeon)
 35268 | D:15     | Received a gift from Sif Muna
 35387 | D:15     | Found Iwnot's Assorted Antiques.
 35393 | D:15     | Bought a scroll of teleportation for 93 gold pieces
 35393 | D:15     | Bought a fizzy pink potion for 27 gold pieces
 35393 | D:15     | Bought a scroll labeled UHYAKICOSS for 31 gold pieces
 35393 | D:15     | Bought a fuming green potion for 27 gold pieces
 35393 | D:15     | Bought a scroll of identify for 62 gold pieces
 35843 | D:15     | Found a staircase to the Depths.
 35843 | D:15     | Noticed a frost giant
 35872 | D:15     | Killed a frost giant
 36078 | Orc:1    | Entered Level 1 of the Orcish Mines
 36078 | Orc:1    | Found a flagged portal.
 36078 | Orc:1    | Noticed Maurice
 36143 | D:9      | Killed Maurice
 36190 | Bailey   | Entered a bailey
 36415 | Bailey   | Reached XP level 16. HP: 55/81 MP: 19/37
 36626 | Orc:1    | Found Bfexto's Bounteous Boutique.
 36686 | Orc:1    | Bought a scroll of blinking for 120 gold pieces
 37322 | Orc:2    | Entered Level 2 of the Orcish Mines
 37322 | Orc:2    | Found a staircase to the Elven Halls.
 37322 | Orc:2    | Noticed Nessos
 37686 | Orc:2    | Killed Nessos
 38250 | Orc:2    | Received a gift from Sif Muna
 38250 | Orc:2    | Reached skill level 17 in Spellcasting
 38915 | Orc:2    | Noticed Urug
 38967 | Orc:2    | Killed Urug
 39071 | Orc:2    | Found Egynaw's Weapon Boutique.
 39071 | Orc:2    | Found Epoal's Assorted Antiques.
 39073 | Orc:2    | Found Qozer's Weapon Emporium.
 39075 | Orc:2    | Found Hocug's Armour Shop.
 39137 | Orc:2    | Learned a level 2 spell: Swiftness
 39343 | Spider:1 | Entered Level 1 of the Spider Nest
 39646 | Spider:1 | Noticed Agnes
 39686 | Spider:1 | Killed Agnes
 39805 | Spider:1 | Found a runed gate.
 39806 | Spider:1 | Found a runed gate.
 39806 | Spider:1 | Noticed Nuclih's ghost (journeyman GrFi)
 39843 | Spider:1 | Found a runed gate.
 40366 | Spider:1 | Reached skill level 18 in Spellcasting
 41543 | Spider:2 | Identified Sif Muna's Guide on Sinister Conjuration (Sif Muna gifted it to you on level 2 of the Spider Nest)
 41543 | Spider:2 | Received a gift from Sif Muna
 42000 | Spider:2 | Reached XP level 17. HP: 73/85 MP: 35/40
 42095 | Spider:2 | Reached skill level 19 in Spellcasting
 43249 | Spider:2 | Got a slimy robe
 44803 | Spider:2 | Reached skill level 20 in Spellcasting
 45533 | Spider:3 | Learned a level 1 spell: Summon Butterflies
 45803 | Spider:3 | Identified the +0 robe "Sakhaf" {rC+ MR+} (You found it on level 2 of the Spider Nest)
 45947 | Spider:4 | Entered Level 4 of the Spider Nest
 47101 | Spider:3 | Learned a level 1 spell: Freeze
 48259 | Spider:3 | Received a gift from Sif Muna
 50477 | Spider:4 | Learned a level 6 spell: Iron Shot
 51222 | Spider:4 | Reached skill level 5 in Earth Magic
 51579 | Spider:4 | Reached XP level 18. HP: 83/90 MP: 39/43
 51916 | Spider:4 | Got a gossamer rune of Zot
 52124 | Swamp:1  | Entered Level 1 of the Swamp
 53191 | Swamp:1  | Reached skill level 1 in Armour
 54337 | Swamp:2  | Learned a level 5 spell: Summon Mana Viper
 54644 | Swamp:2  | Noticed Roxanne
 54653 | Swamp:2  | Killed Roxanne
 56026 | Swamp:3  | Reached skill level 5 in Armour
 56491 | Swamp:3  | Received a gift from Sif Muna
 57437 | Swamp:4  | Entered Level 4 of the Swamp
 60116 | Swamp:4  | Reached skill level 21 in Spellcasting
 60374 | Swamp:4  | Got a decaying rune of Zot
 60705 | Vaults:1 | Entered Level 1 of the Vaults
 60953 | Orc:1    | Learned a level 3 spell: Ozocubu's Armour
 61115 | Vaults:1 | Reached skill level 1 in Translocations
 61501 | Vaults:1 | Received a gift from Sif Muna
 61501 | Vaults:1 | Reached skill level 1 in Summonings
 61765 | Vaults:1 | Reached XP level 19. HP: 91/93 MP: 38/45
 62842 | Vaults:1 | Reached ****** piety under Sif Muna
 62842 | Vaults:1 | Identified Pemog's Papyrus of the Grue (Sif Muna gifted it to you on level 1 of the Vaults)
 62842 | Vaults:1 | Received a gift from Sif Muna
 63023 | Vaults:1 | Noticed Saint Roka
 63268 | Vaults:1 | HP: 3/93 [Saint Roka/divine providence (10)]
 63283 | Vaults:1 | Killed Saint Roka
 63283 | Vaults:1 | Reached skill level 22 in Spellcasting
 63742 | Vaults:1 | Learned a level 7 spell: Spellforged Servitor
 65261 | Vaults:2 | HP: 3/96 [vault guard/great mace (12)]
 65994 | Vaults:3 | Got a jewelled mace
 66019 | Vaults:2 | Identified the +10 mace of Qyeqatte {pain, rElec rF- Str+2 Stlth+} (You found it on level 3 of the Vaults)
 67675 | Vaults:3 | Found a staircase to the Crypt.
 67675 | Vaults:3 | Found an ancient bone altar of Kikubaaqudgha.
 67676 | Vaults:3 | Found a basalt altar of Yredelemnul.
 67704 | Vaults:3 | Found a runed gate.
 67704 | Vaults:3 | Found a runed gate.
 67705 | Vaults:3 | Found a runed gate.
 67706 | Vaults:3 | Noticed Norchuf's ghost (adept MiFi)
 68395 | Vaults:3 | Reached skill level 10 in Fighting
 68424 | Vaults:3 | Identified Jeybo's Almanac of Conjuration (Sif Muna gifted it to you on level 3 of the Vaults)
 68424 | Vaults:3 | Received a gift from Sif Muna
 68873 | Vaults:3 | Reached skill level 23 in Spellcasting
 69129 | Vaults:3 | Reached XP level 20. HP: 70/102 MP: 5/48
 69830 | Vaults:3 | Found an iron altar of Okawaru.
 70655 | Vaults:4 | Received a gift from Sif Muna
 70677 | Vaults:4 | Learned a level 4 spell: Cause Fear
 70869 | Vaults:4 | Reached skill level 24 in Spellcasting
 72918 | Vaults:4 | Reached skill level 25 in Spellcasting
 72922 | Vaults:4 | Received a gift from Sif Muna
 73001 | Vaults:4 | Found Mujo's Magic Scroll Emporium.
 73009 | Vaults:4 | Bought a scroll of teleportation for 51 gold pieces
 73009 | Vaults:4 | Bought a scroll of acquirement for 884 gold pieces
 73179 | Vaults:4 | Got a jewelled lajatang {antimagic}
 73553 | Vaults:4 | Found the +1 cloak of Starlight {rElec rC+ EV+4 Stlth--}
 74507 | Depths:1 | Entered Level 1 of the Depths
 75379 | Depths:1 | Found a one-way gate leading to the halls of Pandemonium.
 75453 | Depths:1 | Found a one-way gate to the infinite horrors of the Abyss.
 75478 | Depths:1 | Found a stormy altar of Qazlal.
 75478 | Depths:1 | Noticed Nikola
 75495 | Depths:1 | Killed Nikola
 75608 | Depths:1 | Reached skill level 26 in Spellcasting
 75614 | Depths:1 | Reached XP level 21. HP: 71/107 MP: 2/52
 76195 | Depths:1 | Got a faintly glowing long sword
 76347 | Depths:1 | Got a translucent glass ring
 76470 | Depths:1 | Found a gateway to Hell.
 76609 | Depths:2 | Noticed Asterion
 76808 | Depths:1 | Killed Asterion
 77122 | Depths:2 | Identified Sif Muna's Almanac of Captivating Moulding (Sif Muna gifted it to you on level 2 of the Depths)
 77122 | Depths:2 | Received a gift from Sif Muna
 78767 | Depths:2 | Reached skill level 27 in Spellcasting
 78773 | Depths:2 | Identified the ring "Nexeocy" {Ice rPois Str+5} (You took it off a yaktaur on level 1 of the Depths)
 78835 | Depths:2 | Identified the +6 long sword of Vaeff {slice, +Blink rPois rF+++ rC-} (You found it on level 1 of the Depths)
 79715 | Depths:3 | Found a gateway to a ziggurat.
 80271 | Depths:3 | Reached skill level 1 in Invocations
 81288 | Depths:3 | Reached skill level 5 in Invocations
 82356 | Depths:3 | Identified Sif Muna's Volume of the Mountains and the Birds (Sif Muna gifted it to you on level 3 of the Depths)
 82356 | Depths:3 | Received a gift from Sif Muna
 82572 | Depths:3 | Found an iron altar of Okawaru.
 83000 | Depths:4 | Reached XP level 22. HP: 111/111 MP: 41/54
 83094 | Depths:4 | Noticed the Enchantress
 83381 | Depths:4 | Reached skill level 10 in Invocations
 83451 | Depths:4 | Found Xixos's Book Shoppe.
 83451 | Depths:4 | Found Isus's Magic Scroll Emporium.
 83557 | Depths:4 | Bought a book of Enchantments for 1050 gold pieces
 83564 | Depths:4 | Learned a level 6 spell: Deflect Missiles
 83573 | Depths:4 | Bought a scroll of blinking for 127 gold pieces
 83573 | Depths:4 | Bought a scroll of blinking for 127 gold pieces
 83678 | Depths:4 | Reached skill level 1 in Air Magic
 83756 | Depths:4 | Noticed a golden dragon
 83760 | Depths:4 | Killed a golden dragon
 83791 | Depths:4 | Reached skill level 5 in Charms
 84318 | Depths:4 | Noticed Xtahua
 84337 | Depths:4 | Killed Xtahua
 84618 | Depths:4 | Killed the Enchantress
 84620 | Depths:4 | Got faerie dragon scales
 84842 | Depths:5 | Entered Level 5 of the Depths
 84880 | Depths:4 | Identified the +0 faerie dragon scales {+Blink rCorr Str+4} (You took it off the Enchantress on level 4 of the Depths)
 84971 | Depths:5 | Reached skill level 5 in Summonings
 85226 | Depths:5 | Identified Faus's Tome of the Excruciating Blaze (Sif Muna gifted it to you on level 5 of the Depths)
 85226 | Depths:5 | Received a gift from Sif Muna
 85406 | Depths:5 | Found Qyess's Antique Weapon Emporium.
 85794 | Depths:5 | Got an ancient copper ring
 85795 | Depths:5 | Identified the ring "Nuxzosch" {Str+5 Int+2 Dex+2} (You found it on level 5 of the Depths)
 85807 | Depths:5 | Paralysed by a floating eye for 3 turns
 85855 | Depths:5 | Found a gate to the Realm of Zot.
 85962 | Depths:5 | Noticed a caustic shrike
 85963 | Depths:5 | Noticed a caustic shrike
 85964 | Depths:5 | Noticed a caustic shrike
 86073 | Depths:5 | Found Cufush's Food Emporium.
 86121 | Depths:5 | Bought a ration for 70 gold pieces
 86121 | Depths:5 | Bought a ration for 70 gold pieces
 86121 | Depths:5 | Bought a ration for 70 gold pieces
 86121 | Depths:5 | Bought a ration for 70 gold pieces
 86121 | Depths:5 | Bought a ration for 70 gold pieces
 86121 | Depths:5 | Bought a ration for 70 gold pieces
 86121 | Depths:5 | Bought a ration for 70 gold pieces
 86121 | Depths:5 | Bought a ration for 70 gold pieces
 86121 | Depths:5 | Bought a ration for 70 gold pieces
 86121 | Depths:5 | Bought a ration for 70 gold pieces
 86121 | Depths:5 | Bought a ration for 70 gold pieces
 86121 | Depths:5 | Bought a ration for 70 gold pieces
 86354 | Depths:5 | Paralysed by a floating eye for 4 turns
 86456 | Depths:5 | Got a flickering silver ring
 86499 | Depths:5 | Got a translucent bone ring
 86992 | Depths:5 | Identified the ring "Jauri" {+Blink rElec rF+ rN+++ Int-5} (You took it off a vampire knight on level 5 of the Depths)
 86994 | Depths:5 | Identified the ring of Bodily Harmony {MR+ Dex+2} (You took it off a vampire mage on level 5 of the Depths)
 87525 | Depths:5 | Identified Yjoge's Tome of Poisoning and Conjuration (Sif Muna gifted it to you on level 5 of the Depths)
 87525 | Depths:5 | Received a gift from Sif Muna
 87966 | Slime:1  | Entered Level 1 of the Pits of Slime
 88065 | Slime:1  | Reached skill level 10 in Summonings
 88455 | Lair:5   | Reached XP level 23. HP: 101/115 MP: 24/55
 88682 | Slime:1  | Gained mutation: You tend to lose your temper in combat. [a shining eye]
 88690 | Slime:1  | Lost mutation: You tend to lose your temper in combat. [potion of mutation]
 88690 | Slime:1  | Gained mutation: You have a pair of small antennae on your head. [potion of mutation]
 88690 | Slime:1  | Gained mutation: Your flesh is cold resistant. (rC+) [potion of mutation]
 89815 | Slime:5  | Entered Level 5 of the Pits of Slime
 89865 | Slime:5  | Reached skill level 10 in Earth Magic
 89996 | Slime:5  | Found a viscous altar of Jiyva.
 90001 | Slime:5  | Noticed the Royal Jelly
 90505 | Slime:5  | Killed the Royal Jelly
 91646 | Slime:5  | Got a jewelled war axe
 91732 | Slime:5  | Got a slimy rune of Zot
 91812 | Slime:5  | Got a smoking war axe
 92373 | Zot:1    | Entered Level 1 of the Realm of Zot
 92562 | Zot:1    | Learned a level 2 spell: Passwall
 93231 | Zot:1    | Learned a level 6 spell: Invisibility
 93300 | Zot:1    | Noticed an orb of fire
 93305 | Zot:1    | Gained mutation: Armour fits poorly on your strangely shaped body. [an orb of fire]
 93321 | Zot:1    | Killed an orb of fire
 93746 | Zot:1    | Learned a level 3 spell: Regeneration
 94040 | Zot:1    | Identified Sif Muna's Collected Works on Black Secrets (Sif Muna gifted it to you on level 1 of the Realm of Zot)
 94040 | Zot:1    | Received a gift from Sif Muna
 95105 | Zot:2    | Reached XP level 24. HP: 124/124 MP: 39/55
 95276 | Zot:2    | Found a large runed door.
 95277 | Zot:2    | Found a large runed door.
 95279 | Zot:2    | Noticed Decrutob's ghost (legendary DDFi)
100992 | Zot:5    | Entered Level 5 of the Realm of Zot
101010 | Zot:4    | Reached skill level 15 in Fighting
101824 | Zot:5    | Noticed an ancient lich
101840 | Zot:5    | Killed an ancient lich
102349 | Zot:5    | Noticed an ancient lich
102363 | Zot:5    | Killed an ancient lich
102702 | Zot:5    | Noticed an ancient lich
102712 | Zot:5    | Killed an ancient lich
102790 | Zot:5    | Reached XP level 25. HP: 137/137 MP: 38/55
102960 | Zot:5    | Noticed an ancient lich
103012 | Zot:5    | Noticed an ancient lich
103030 | Zot:5    | Killed an ancient lich
103161 | Zot:5    | Noticed an orb of fire
103354 | Zot:5    | Killed an orb of fire
103893 | Zot:5    | Noticed an orb of fire
103903 | Zot:5    | Killed an orb of fire
103925 | Zot:5    | Noticed an orb of fire
103946 | Zot:5    | Killed an orb of fire
104263 | Zot:5    | Noticed an orb of fire
104310 | Zot:5    | Gained mutation: You are frail. (-10% HP) [an orb of fire]
104323 | Zot:5    | Killed an orb of fire
104411 | Zot:5    | Lost mutation: Armour fits poorly on your strangely shaped body. [potion of mutation]
104411 | Zot:5    | Lost mutation: Your flesh is cold resistant. (rC+) [potion of mutation]
104411 | Zot:5    | Lost mutation: You are frail. (-10% HP) [potion of mutation]
104411 | Zot:5    | Gained mutation: You evolve. [potion of mutation]
104411 | Zot:5    | Gained mutation: You are covered in fur. (AC +1) [potion of mutation]
104411 | Zot:5    | Gained mutation: You are partially covered in rugged brown scales. (AC +1, +3% HP) [potion of mutation]
104455 | Zot:5    | Killed an ancient lich
104561 | Zot:5    | Noticed an orb of fire
104573 | Zot:5    | Gained mutation: You tend to lose your temper in combat. [an orb of fire]
104575 | Zot:5    | Killed an orb of fire
104585 | Zot:5    | Lost mutation: You tend to lose your temper in combat. [potion of mutation]
104585 | Zot:5    | Lost mutation: You are covered in fur. (AC +1) [potion of mutation]
104585 | Zot:5    | Lost mutation: You are partially covered in rugged brown scales. (AC +1, +3% HP) [potion of mutation]
104585 | Zot:5    | Gained mutation: You passively map a small area around you. [potion of mutation]
104585 | Zot:5    | Gained mutation: Your system is resistant to poisons. (rPois) [potion of mutation]
105576 | Zot:5    | Got the Orb of Zot
106221 | D:$      | Escaped with the Orb!

Vault maps used:
D:1:      mrwooster_arrival_arrow, chequers_big_river
D:2:      nemelex_xobeh_ov_fountains_minmay, first_ration, minivault_24
D:3:      gammafunk_temple_overflow_forgotten, tso_metal_star, uniq_sigmund,
          uniq_ijyb
D:4:      nicolae_dithmenos_through_a_glass_darkly, minmay_temple_entry_trees
D:5:      lemuel_insect_pit, good_gods_temple_1, nicolae_ashenzari_panopticon,
          uniq_menkaure
D:6:      kennysheep_little_box, serial_shops, shop_coins, shop, shop_statue,
          nicolae_shop_crystal
D:7:      grunt_ogre_cave, grunt_tough_drop, uniq_duvessa, uniq_joseph
D:8:      marbit_many_paths, lair_entry_dummy, basic_altar,
          gammafunk_ghost_necromancy, uniq_gastronok
D:9:      lemuel_round_altar, david_orc_2, minmay_three_doors, uniq_harold
D:10:     minmay_checkerbox
D:11:     portal_ice_cave_entry_pillars_1, lemuel_flamethrower_hall
D:13:     grunt_vaults_entry_fortified
D:14:     lemuel_ice_spiral_2, minmay_misc_feat_hallway, serial_shops, shop
D:15:     grunt_enter_depths_snipers, serial_shops, shop, nicolae_shop_trees,
          dk_noncrumbling_4
Temple:   cyrus_temple_forest
Lair:1:   grunt_forest_small_clearings, minivault_11, nzn_random_ring
Lair:2:   grunt_megastairs_5, uniq_sonja
Lair:3:   minmay_swamp_entry_worms, wad_woods_road_01
Lair:4:   spider_nest_entry_funnel_web, kennysheep_catoblepas_arena
Lair:5:   slime_altar_1, eino_small_chamber_without_monster,
          lemuel_fruit_fields, uniq_josephine
Lair:6:   minmay_lair_end_frog_pond, eino_small_chamber_without_monster
Swamp:1:  cheibrodos_swamp_tower_of_moss, evilmike_swamp_ruin_house_6
Swamp:2:  hangedman_swamp_pad, swamp_pool1, infiniplex_staircase_pool_2,
          uniq_roxanne
Swamp:3:  hangedman_swamp_ruin_wall
Swamp:4:  swamp_vile, swamp_pool5
Spider:1: gammafunk_ghost_split, spider_trap, uniq_agnes
Spider:3: nicolae_spider_webs_and_nodes
Spider:4: floodkiller_spider_rune_tomb, nicolae_spider_stair_cavern
Slime:1:  nicolae_slime_phagocytosis
Orc:1:    enter_bailey_2, nicolae_alphabet_shops, mines4_lemuel, uniq_maurice
Orc:2:    st_orc_rangers, uniq_urug, uniq_nessos
Vaults:1: nicolae_vaults_hallways_thing, grunt_vaults_funnel, v_rooms_5,
          vaults_mumra_chevron, nicolae_vaults_branching_niches,
          vaults_room_door_ring, nicolae_vaults_asterisk,
          nicolae_vaults_border_crossing, nicolae_vaults_little_ls,
          uniq_saint_roka
Vaults:2: vaults_room_grunt_arrival_checkpoint, vaults_room_stairs_pillars,
          vaults_room_corners, vaults_mumra_hexcomb, grunt_vaults_hallway_short,
          vaults_dpeg_ring
Vaults:3: gammafunk_vaults_ghost_fury_of_okawaru, minmay_crypt_entry_necro_gods,
          hangedman_vaults_locks, hangedman_vaults_snaps,
          nicolae_vaults_yaktaur_gun_rack, v_misc_33,
          hangedman_vaults_river_flow, nicolae_vaults_shelves_hall,
          hangedman_vaults_maws, v_misc_14
Vaults:4: vaults_room_fancy_cross, v_misc_10, st_greater_box_1,
          vaults_dpeg_diagonal, nicolae_vaults_stairing_the_circle,
          grunt_vaults_swirl, nicolae_vaults_windows_and_doors_thing,
          nicolae_vaults_mini_display_case, nicolae_vaults_theta,
          hangedman_vaults_trim, vaults_room_hallway, serial_shops, shop
Depths:1: rand_demon_pan_entry_7, abyss_entry, kennysheep_flooded_box,
          hell_entry, lightli_fourway_metalbox, uniq_nikola
Depths:2: mu_elemental_laboratory, bh_walls_and_bars, pf_hell_entry_great_geh,
          uniq_asterion
Depths:3: kennysheep_spiral_hall, enter_ziggurat_b, hell_entry,
          grunt_pan_entry_spiral, old_standard_altar, grunt_ministairs_8
Depths:4: minmay_distorted_concentric_squares, serial_bayou_lagoon_a,
          abyss_entry, hell_entry, rand_demon_pan_entry_8, minmay_shoptagon,
          uniq_enchantress, uniq_xtahua
Depths:5: hangedman_spin_cycle, hell_entry
Zot:2:    ebering_ghost_disaster_area, grunt_ministairs_15
Zot:3:    lemuel_draconian_sentries
Bailey:   bailey_axe_2, bailey
IceCv:    ice_cave_tombish

Skill      XL: |  1  2  3  4  5  6  7  8  9 10 11 12 13 14 15 16 17 18 19 20 21 22 23 24 25 |
---------------+----------------------------------------------------------------------------+-----
Spellcasting   | 3 4 5 10 13 16 18 20 21 23 26 27 | 27.0
Stealth        | 4 5 8 |  8.4
Dodging        | 4 5 6 7 8 9 13 15 17 21 22 23 | 23.0
Conjurations   | 3 4 5 9 11 12 | 12.2
Hexes          | 3 5 7 9 |  9.0
Fighting       | 2 5 7 8 10 11 16 18 | 18.7
Shields        | 4 |  4.2
Necromancy     | 4 |  4.1
Earth Magic    | 4 5 7 8 10 | 10.2
Charms         | 3 7 |  7.7
Armour         | 6 |  6.5
Translocations | 2 |  2.4
Summonings     | 1 3 4 10 | 10.0
Invocations    | 9 10 | 10.2
Air Magic      | 4 |  4.2

Action                   |  1- 3 |  4- 6 |  7- 9 | 10-12 | 13-15 | 16-18 | 19-21 | 22-24 | 25-27 || total
-------------------------+-------+-------+-------+-------+-------+-------+-------+-------+-------++-------
Melee: Dagger            |    27 |    68 |   158 |    70 |       |       |       |       |       ||   323
       Short sword       |       |       |       |   359 |   759 |   884 |   485 |       |       ||  2487
       Long sword        |       |       |       |       |       |       |    89 |   100 |     4 ||   193
       Rapier            |       |       |       |       |       |       |    21 |    50 |       ||    71
Throw: Throwing net      |       |       |     1 |     1 |     1 |       |       |       |       ||     3
 Cast: Magic Dart        |    79 |   149 |   599 |   266 |   346 |   480 |    64 |       |       ||  1983
       Dazzling Spray    |       |     7 |    21 |    46 |    35 |       |       |       |       ||   109
       Iskenderun's Myst |       |     4 |       |   105 |   127 |   503 |   188 |    18 |       ||   945
       Animate Skeleton  |       |       |     9 |     8 |    36 |    48 |    50 |     1 |     1 ||   153
       Fulminant Prism   |       |       |     6 |    39 |   164 |    41 |   120 |    14 |       ||   384
       Confuse           |       |       |       |    99 |   170 |   263 |   110 |     6 |       ||   648
       Blink             |       |       |       |     5 |    14 |    43 |    13 |    19 |       ||    94
       Iskenderun's Batt |       |       |       |       |    37 |    87 |    17 |       |       ||   141
       Borgnjor's Vile C |       |       |       |       |     8 |   131 |   139 |     6 |     2 ||   286
       Tukima's Dance    |       |       |       |       |     9 |     5 |    10 |     5 |       ||    29
       Iron Shot         |       |       |       |       |       |    68 |   358 |   623 |    74 ||  1123
       Summon Butterflie |       |       |       |       |       |     5 |     2 |     4 |       ||    11
       Orb of Destructio |       |       |       |       |       |     1 |    25 |   191 |    49 ||   266
       Summon Mana Viper |       |       |       |       |       |     3 |    16 |     8 |     6 ||    33
       Ozocubu's Armour  |       |       |       |       |       |     2 |    22 |     1 |       ||    25
       Spellforged Servi |       |       |       |       |       |       |    34 |    82 |    24 ||   140
       Deflect Missiles  |       |       |       |       |       |       |       |     3 |       ||     3
       Invisibility      |       |       |       |       |       |       |       |     3 |     1 ||     4
       Regeneration      |       |       |       |       |       |       |       |     2 |       ||     2
       Cause Fear        |       |       |       |       |       |       |       |     1 |       ||     1
Invok: Channel Magic     |       |       |       |       |     4 |       |     8 |    17 |     6 ||    35
       Forget Spell      |       |       |       |       |       |     1 |       |       |       ||     1
 Abil: Evoke Blink       |       |       |     1 |     8 |       |       |       |     1 |       ||    10
Evoke: Wand              |       |     1 |    30 |     5 |       |     1 |       |     1 |       ||    38
       Phial of floods   |       |       |       |       |       |     1 |       |     1 |       ||     2
       Box of beasts     |       |       |       |       |       |       |       |     1 |       ||     1
  Use: Scroll            |       |     3 |     9 |    18 |     9 |     8 |     7 |    18 |     1 ||    73
       Potion            |       |       |       |       |     1 |     2 |     3 |     1 |     2 ||     9
 Stab: Sleeping          |     3 |       |       |     7 |    11 |    11 |    12 |       |       ||    44
       Invisible         |       |       |     2 |     4 |     1 |       |       |     6 |       ||    13
       Confused          |       |       |       |    43 |    54 |    89 |    35 |       |       ||   221
       Held in net/web   |       |       |       |       |     1 |     1 |       |       |       ||     2
       Distracted        |       |       |       |       |       |     4 |     7 |     4 |       ||    15
  Eat: Ration            |       |     1 |     4 |     6 |     7 |    14 |    16 |    14 |     3 ||    65
Armor: Robe              |     1 |     3 |    15 |    14 |    25 |    35 |    15 |     3 |       ||   111
       Fire dragon scale |       |       |       |       |     1 |       |       |       |       ||     1
       Troll leather arm |       |       |       |       |       |     1 |     7 |       |       ||     8
       Acid dragon scale |       |       |       |       |       |       |       |    39 |     3 ||    42
Dodge: Dodged            |    34 |    67 |   378 |   492 |   836 |  1483 |   991 |   732 |    36 ||  5049
       Deflected         |       |       |       |       |       |       |       |    22 |       ||    22
Block: Buckler           |       |       |       |    96 |   370 |   554 |   315 |   290 |    17 ||  1642
       Rpst.: Long sword |       |       |       |       |       |       |    37 |    87 |     6 ||   130

Table legend:
 A = Spawn XP
 B = Non-spawn XP
 C = Spawn XP percentage of total XP
 D = Spawn monster count
 E = Non-spawn monster count
 F = Spawn count percentage of total count
 G = Total turns spent on level
                    A         B        C        D         E        F      G
               +---------+---------+-------+---------+---------+-------+---------
         Total |       0 | 1225294 |   0.0 |       0 |    2201 |   0.0 | 106221
               +---------+---------+-------+---------+---------+-------+---------
           D:1 |       0 |      53 |   0.0 |       0 |      20 |   0.0 |  1479
           D:2 |       0 |      77 |   0.0 |       0 |      18 |   0.0 |  1487
           D:3 |       0 |     342 |   0.0 |       0 |      22 |   0.0 |  1969
           D:4 |       0 |     554 |   0.0 |       0 |      22 |   0.0 |  1805
           D:5 |       0 |    1218 |   0.0 |       0 |      32 |   0.0 |  2204
           D:6 |       0 |     745 |   0.0 |       0 |      26 |   0.0 |  1131
           D:7 |       0 |    1694 |   0.0 |       0 |      31 |   0.0 |  1647
           D:8 |       0 |    5410 |   0.0 |       0 |      32 |   0.0 |  2535
           D:9 |       0 |    5999 |   0.0 |       0 |      36 |   0.0 |  2370
          D:10 |       0 |    3168 |   0.0 |       0 |      17 |   0.0 |   834
          D:11 |       0 |    7349 |   0.0 |       0 |      62 |   0.0 |  1563
          D:12 |       0 |    2079 |   0.0 |       0 |      18 |   0.0 |  1092
          D:13 |       0 |   13339 |   0.0 |       0 |      39 |   0.0 |  2275
          D:14 |       0 |   14219 |   0.0 |       0 |      45 |   0.0 |  2193
          D:15 |       0 |   21589 |   0.0 |       0 |      43 |   0.0 |  2564
        Lair:1 |       0 |    2038 |   0.0 |       0 |      11 |   0.0 |  1122
        Lair:2 |       0 |    2934 |   0.0 |       0 |      13 |   0.0 |  1854
        Lair:3 |       0 |    4837 |   0.0 |       0 |      23 |   0.0 |  1371
        Lair:4 |       0 |    5929 |   0.0 |       0 |      18 |   0.0 |  1342
        Lair:5 |       0 |   23165 |   0.0 |       0 |      61 |   0.0 |  4264
        Lair:6 |       0 |   19743 |   0.0 |       0 |      56 |   0.0 |  2022
       Swamp:1 |       0 |   14016 |   0.0 |       0 |      42 |   0.0 |  1972
       Swamp:2 |       0 |   14592 |   0.0 |       0 |      36 |   0.0 |  1766
       Swamp:3 |       0 |   16524 |   0.0 |       0 |      52 |   0.0 |  2122
       Swamp:4 |       0 |   27228 |   0.0 |       0 |      65 |   0.0 |  2500
      Spider:1 |       0 |    9965 |   0.0 |       0 |      27 |   0.0 |  1999
      Spider:2 |       0 |   26249 |   0.0 |       0 |      72 |   0.0 |  3932
      Spider:3 |       0 |   31494 |   0.0 |       0 |      71 |   0.0 |  3386
      Spider:4 |       0 |   31411 |   0.0 |       0 |      77 |   0.0 |  3268
       Slime:1 |       0 |   14119 |   0.0 |       0 |      27 |   0.0 |   542
       Slime:2 |       0 |    2960 |   0.0 |       0 |       4 |   0.0 |   257
       Slime:3 |       0 |    4920 |   0.0 |       0 |       3 |   0.0 |   149
       Slime:4 |       0 |   11848 |   0.0 |       0 |      22 |   0.0 |  1088
       Slime:5 |       0 |   35339 |   0.0 |       0 |      29 |   0.0 |   672
         Orc:1 |       0 |    6845 |   0.0 |       0 |      60 |   0.0 |  1727
         Orc:2 |       0 |    8704 |   0.0 |       0 |      53 |   0.0 |   990
      Vaults:1 |       0 |   50348 |   0.0 |       0 |      81 |   0.0 |  2790
      Vaults:2 |       0 |   22392 |   0.0 |       0 |      36 |   0.0 |  3102
      Vaults:3 |       0 |   41853 |   0.0 |       0 |      68 |   0.0 |  2858
      Vaults:4 |       0 |   85698 |   0.0 |       0 |     115 |   0.0 |  4365
      Depths:1 |       0 |   27948 |   0.0 |       0 |      52 |   0.0 |  2081
      Depths:2 |       0 |   45784 |   0.0 |       0 |      68 |   0.0 |  3569
      Depths:3 |       0 |   58640 |   0.0 |       0 |      80 |   0.0 |  2432
      Depths:4 |       0 |   51223 |   0.0 |       0 |      56 |   0.0 |  2283
      Depths:5 |       0 |   71567 |   0.0 |       0 |      92 |   0.0 |  2608
         Zot:1 |       0 |   63791 |   0.0 |       0 |      41 |   0.0 |  2505
         Zot:2 |       0 |   57266 |   0.0 |       0 |      42 |   0.0 |  3064
         Zot:3 |       0 |   30133 |   0.0 |       0 |      24 |   0.0 |  1397
         Zot:4 |       0 |   52656 |   0.0 |       0 |      44 |   0.0 |  2129
         Zot:5 |       0 |  169104 |   0.0 |       0 |      65 |   0.0 |  4276
        Bailey |       0 |     792 |   0.0 |       0 |      34 |   0.0 |   376
         IceCv |       0 |    3404 |   0.0 |       0 |      18 |   0.0 |   779
               +---------+---------+-------+---------+---------+-------+---------
